 Dungeon Crawl Stone Soup version 0.31-a0-1447-g87ca8d402b (webtiles) character file.

Game seed: 8261382166604988818

4 kae the Vexing (level 1, 0/13 HPs)
             Began as a Demonspawn Enchanter on Dec 27, 2023.
             Slain by a goblin
             ... wielding a +0 dagger
              (3 damage)
             ... on level 1 of the Dungeon.
             The game lasted 00:00:07 (102 turns).

kae the Vexing (Demonspawn Enchanter)                Turns: 102, Time: 00:00:08

Health: 0/13       AC:  2    Str:  8    XL:     1   Next: 50%
Magic:  3/3        EV: 12    Int: 15    God:
Gold:   6          SH:  0    Dex: 13    Spells: 4/4 levels left

rFire   . . .        a - +1 dagger
rCold   . . .        (no shield)
rNeg    . . .        b - +0 robe
rPois   .            (no helmet)
rElec   .            (no cloak)
rCorr   .            (no gloves)
SInv    .            (no boots)
Will    .....        (no amulet)
Stlth   ++           (no ring)
HPRegen 0.22/turn    (no ring)
MPRegen 0.08/turn

%: no passive effects
@: no status effects
A: no striking features
a: no special abilities


You were on level 1 of the Dungeon.
You visited 1 branch of the dungeon, and saw 1 of its levels.

You collected 6 gold pieces.


   Skills:
 + Level 0.1 Fighting
 * Level 1.0 Short Blades
 - Level 1.7 Dodging
 * Level 2.8 Stealth
 + Level 2.0 Spellcasting
 + Level 3.0 Hexes


You had 4 spell levels left.
You didn't know any spells.
Your spell library contained the following spells:

 Spells                   Type           Power      Damage    Failure   Level
 Ensorcelled Hibernation  Hex/Ice        12%        N/A       19%         2
 Confusing Touch          Hex            10%        N/A       19%         3
 Tukima's Dance           Hex            10%        N/A       19%         3
 Dazzling Flash           Conj/Hex       12%        N/A       34%         3

Inventory:

Hand Weapons
 a - a +1 dagger (weapon)
Armour
 b - a +0 robe (worn)
Potions
 c - 2 potions of invisibility

Dungeon Overview and Level Annotations

Branches:
Dungeon (1/15) Zot: 5897

Altars:

#....##
#.....#########
#.##..####...###
#.##..###....###
####.##..###....###
####.....#..##..#...#.
#....###.##..#..##....
#.######.###..g.###...
##.# #...####.@.###..
##..####.###..######
...##....###......####
...........#..........
..................>...
#....#####.###...#...#
#.##.### #.###.### #
#.##...# #.##..#
#.####.###.##.##


You could see a goblin.


Message History

Lua error: /dgldir/rcfiles/crawl-git/kae.rc:525: unexpected symbol near '#' 🤖 Initializing magus.rc ...
Bad monster_list_colour key: strict_neutral Bad channel name 'pray' for runrest: 'pray:' Options error: Missing colour in message_colour setting: 'that.*feels deathly cold' Options error: Missing colour in message_colour setting: 'and you must be Full or above to equip it' Options error: Missing colour in message_colour setting: 'but rights himself reflexively soon after' Options error: Missing colour in message_colour setting: 'before it is too late' ✅ Successfully initialized magus.rc [v1.11.3] Welcome, kae the Demonspawn Enchanter.
A smirking vizier told you that the Orb of Zot is just within this dungeon.
Press ? for a list of commands and other information.
Found a staircase leading out of the dungeon.
You open the door.
There is an open door here.
You open the door.
There is an open door here.
As you open the door, it creaks loudly!
An endoplasm comes into view.
The endoplasm quivers.
There is an open door here.
You hit the endoplasm.
An endoplasm is nearby!
You hit the endoplasm. The endoplasm freezes you.
You are frozen.
You hit the endoplasm.
You kill the endoplasm! 😕 HP[-3]
You take 3 damage, and now have 10/13 hp.
MASSIVE DAMAGE!! (PAUSE)
You now have 6 gold pieces.
Found a stone staircase leading down. 😎 HP[+3]
Your hp is fully restored (13).
No target in view!
No target in view!
A goblin comes into view. It is wielding a +0 dagger.
A goblin is nearby!
A goblin is nearby!
The helpless goblin fails to defend itself.
You puncture the goblin!
You kill the goblin!
Your Short Blades skill increases to level 1!
No target in view!
Found a stone staircase leading down.
No target in view!
No target in view!
A frilled lizard comes into view.
A frilled lizard is nearby!
The helpless frilled lizard fails to defend itself.
You puncture the frilled lizard!
You kill the frilled lizard!
A rat comes into view.
No reachable target in view!
No reachable target in view!
A rat is nearby!
No reachable target in view!
No reachable target in view!
A rat is nearby!
No reachable target in view!
No reachable target in view!
A rat is nearby!
No reachable target in view!
No reachable target in view!
A rat is nearby!
No reachable target in view!
No reachable target in view!
The rat squeaks loudly.
The rat bites you but does no damage.
A goblin comes into view. It is wielding a +0 dagger.
The goblin shouts!
You hit the rat. The rat misses you.
You hit the rat but do no damage. The rat bites you. 😕 HP[-2]
You take 2 damage, and now have 11/13 hp.
You hit the rat.
You kill the rat!
The goblin hits you with a +0 dagger. 😕 HP[-1]
You take 1 damage, and now have 10/13 hp.
You barely miss the goblin. The goblin closely misses you.
You closely miss the goblin. The goblin barely misses you.
You hit the goblin. The goblin hits you with a +0 dagger.
You are too injured to fight recklessly! 😮 HP[-3]
You take 3 damage, and now have 7/13 hp.
MASSIVE DAMAGE!! (PAUSE)
You barely miss the goblin. The goblin hits you with a +0 dagger.
* * * LOW HITPOINT WARNING * * *
😨 HP[-3]
You take 3 damage, and now have 4/13 hp.
MASSIVE DAMAGE!! (PAUSE)
You miss the goblin. The goblin hits you with a +0 dagger.
* * * LOW HITPOINT WARNING * * *
😱 HP[-1]
You take 1 damage, and now have 3/13 hp.
You miss the goblin. The goblin hits you with a +0 dagger.
You die...

Skill      XL: |  1 |
---------------+----+-----
Short Blades   | 1 |  1.0
Fighting       | |  0.1
Dodging        | |  1.7
Stealth        | |  2.8
Spellcasting   | |  2.0
Hexes          | |  3.0

Action                     || total
---------------------------++-------
  Melee: Dagger            ||    14
   Stab: Sleeping          ||     2
 Armour: Robe              ||     7
  Dodge: Dodged            ||     3

Levels and vault maps discovered:
D:1:      matt_arrival_los_fun, layout_rooms, hangedman_glass_teeth,
          nicolae_hexahallways

Notes
Turn   | Place    | Note
-------+----------+-------------------------------------------
     0 | D:1      | kae the Demonspawn Enchanter began the quest for the Orb.
     0 | D:1      | Reached XP level 1. HP: 13/13 MP: 3/3
     0 | D:1      | magus.rc [v1.11.3]
    52 | D:1      | Reached skill level 1 in Short Blades
   101 | D:1      | HP: 3/13 [goblin/+0 dagger (1)]
   102 | D:1      | Slain by a goblin

Vanquished Creatures
  An endoplasm (D:1)
  A goblin (D:1)
  A frilled lizard (D:1)
  A rat (D:1)
4 creatures vanquished.

Table legend:
 A = Non-vault XP
 B = Vault XP
 C = Vault XP percentage of total XP
 D = Non-vault monster count
 E = Vault monster count
 F = Vault count percentage of total count
                 A         B        C        D         E       F
            +---------+---------+-------+---------+---------+-------
      Total |       6 |       0 |   0.0 |       4 |       0 |   0.0
            +---------+---------+-------+---------+---------+-------
        D:1 |       6 |       0 |   0.0 |       4 |       0 |   0.0
            +---------+---------+-------+---------+---------+-------

Skill      XL: |  1 |
---------------+----+-----
Short Blades   | 1 |  1.0
Fighting       | |  0.1
Dodging        | |  1.7
Stealth        | |  2.8
Spellcasting   | |  2.0
Hexes          | |  3.0

Action                     || total
---------------------------++-------
  Melee: Dagger            ||    14
   Stab: Sleeping          ||     2
 Armour: Robe              ||     7
  Dodge: Dodged            ||     3

Illustrated notes

Table legend:
 A = Kills in this place as a percentage of kills in the entire game.
 B = Kills by you in this place as a percentage of kills by you in the entire game.
 C = Kills by friends in this place as a percentage of kills by friends in the entire game.
 D = Other kills in this place as a percentage of other kills in the entire game.
 E = Experience gained in this place as a percentage of experience gained in the entire game.
 F = Experience gained in this place divided by the number of levels of this place that you have seen.
                   A       B       C       D       E      F
               +-------+-------+-------+-------+-------+----------------------
         Total | 100.0 | 100.0 |   N/A |   N/A | 100.0 |   6.0
       Dungeon | 100.0 | 100.0 |   N/A |   N/A | 100.0 |   6.0
               +-------+-------+-------+-------+-------+----------------------

Table legend: (Time is in decaauts)
 A = Elapsed time spent in this place.
 B = Non-inter-level travel time spent in this place.
 C = Inter-level travel time spent in this place.
 D = Time resting spent in this place.
 E = Time spent auto-exploring this place.
 F = Levels seen in this place.
 G = Mean time per level.
                   A        B        C        D        E       F      G
               +--------+--------+--------+--------+--------+-----+--------+
         Total |    101 |    101 |      0 |      0 |     69 |   1 |  101.0 |
       Dungeon |    101 |    101 |      0 |      0 |     69 |   1 |  101.0 |
               +--------+--------+--------+--------+--------+-----+--------+

Top non-repeatable levels by time:
     D:1: 101 daAuts
